NWL (28 & UNDER)
RIVERSIDE RED BULLS @ MENLO MANIACS
04/08/2023
 
TOP OF THE 1ST
Riverside Red Bulls batting - Pitching for Menlo Maniacs : RHP Júlio Juárez
Pitching: RHP Júlio Juárez
Batting: SHB Chun-yeong Kim 0-0: Called Strike
0-1: SINGLE (Popup, 56D)
Batting: RHB Júlio García 0-0: Grounds into double play, 4-6-3 (Groundball, 4M)
Batting: LHB Jorge Meléndez 0-0: Foul Ball, location: 2F
0-1: Ball
1-1: Reached on Error, E6 (Line Drive, 6)
Batting: RHB Andy Aiton 0-0: Called Strike
0-1: Ball
1-1: Called Strike
1-2: Ball
2-2: Foul Ball, location: 2F
2-2: Foul Ball, location: 2F
2-2: SINGLE (Line Drive, 4MD)
Jorge Meléndez to second
Batting: LHB Aroghetto Dionisotti 0-0: Fly out, F7 (Flyball, 7S)
Top of the 1st over - 0 run(s), 2 hit(s), 1 error(s), 2 left on base; Riverside 0 - Menlo 0
BOTTOM OF THE 1ST
Menlo Maniacs batting - Pitching for Riverside Red Bulls : RHP Nariaki Tanaka
Pitching: RHP Nariaki Tanaka
Batting: LHB Roger Moore 0-0: Ground out 4-3 (Groundball, 4)
Batting: RHB Alberto Hernández 0-0: Ball
1-0: Ground out 6-3 (Groundball, 6)
Batting: SHB Marvin Harris 0-0: Ball
1-0: Called Strike
1-1: Ball
2-1: Ground out 6-3 (Groundball, 6)
Bottom of the 1st over - 0 run(s), 0 hit(s), 0 error(s), 0 left on base; Riverside 0 - Menlo 0
TOP OF THE 2ND
Riverside Red Bulls batting - Pitching for Menlo Maniacs : RHP Júlio Juárez
Batting: RHB Joe Scott 0-0: Called Strike
0-1: Fly out, F7 (Flyball, 78M)
Batting: RHB José Zúńiga 0-0: Ball
1-0: Foul Ball, location: 2F
1-1: Ball
2-1: Ball
3-1: Fly out, F9 (Flyball, 89M)
Batting: RHB Soshu Nakamura 0-0: Called Strike
0-1: Ball
1-1: Swinging Strike
1-2: Strikes out swinging
Top of the 2nd over - 0 run(s), 0 hit(s), 0 error(s), 0 left on base; Riverside 0 - Menlo 0
BOTTOM OF THE 2ND
Menlo Maniacs batting - Pitching for Riverside Red Bulls : RHP Nariaki Tanaka
Batting: RHB Daryl Floyd 0-0: Ball
1-0: Foul Ball, location: 2F
1-1: Ball
2-1: Ball
3-1: Base on Balls
Batting: RHB Tom Meyer 0-0: Ball
1-0: Ball
Daryl Floyd steals 2nd base
2-0: Foul Ball, location: 2F
2-1: Ball
3-1: Foul Ball, location: 2F
3-2: Fly out, F3 (Popup, 3SF)
Batting: LHB Alfonso Montoya 0-0: Called Strike
0-1: Swinging Strike
0-2: Ball
1-2: Ball
2-2: Fly out, F7 (Popup, 56D)
Batting: LHB Héctor Flores 0-0: Swinging Strike
0-1: Called Strike
0-2: Ball
1-2: Ground out 1-3 (Groundball, 13)
Bottom of the 2nd over - 0 run(s), 0 hit(s), 0 error(s), 1 left on base; Riverside 0 - Menlo 0
TOP OF THE 3RD
Riverside Red Bulls batting - Pitching for Menlo Maniacs : RHP Júlio Juárez
Batting: RHB Rafael Torres 0-0: Ball
1-0: Ball
2-0: Ground out 5-3 (Groundball, 56)
Batting: SHB Chun-yeong Kim 0-0: Ball
1-0: Called Strike
1-1: Foul Ball, location: 2F
1-2: Ball
2-2: Strikes out swinging
Batting: RHB Júlio García 0-0: Called Strike
0-1: Ball
1-1: Swinging Strike
1-2: Ball
2-2: Ball
3-2: Strikes out looking
Top of the 3rd over - 0 run(s), 0 hit(s), 0 error(s), 0 left on base; Riverside 0 - Menlo 0
BOTTOM OF THE 3RD
Menlo Maniacs batting - Pitching for Riverside Red Bulls : RHP Nariaki Tanaka
Batting: RHB Jesús Cuevas 0-0: Ball
1-0: Ball
2-0: Called Strike
2-1: Called Strike
2-2: Foul Ball, location: 2F
2-2: SINGLE (Line Drive, 78M)
Batting: SHB António Trinidad 0-0: Foul Ball, location: 2F
0-1: Ball
1-1: Ball
2-1: Swinging Strike
2-2: Ball
3-2: Grounds into double play, 1-4-3 (Groundball, 15)
Batting: LHB Roger Moore 0-0: Ball
1-0: SINGLE (Groundball, 4MD)
Batting: RHB Alberto Hernández 0-0: Called Strike
Roger Moore steals 2nd base
0-1: Ground out 5-3 (Groundball, 5S)
Bottom of the 3rd over - 0 run(s), 2 hit(s), 0 error(s), 1 left on base; Riverside 0 - Menlo 0
TOP OF THE 4TH
Riverside Red Bulls batting - Pitching for Menlo Maniacs : RHP Júlio Juárez
Batting: LHB Jorge Meléndez 0-0: Called Strike
0-1: Called Strike
0-2: Foul Ball, location: 2F
0-2: SINGLE (Groundball, 34D)
Batting: RHB Andy Aiton 0-0: Ball
1-0: Ball
2-0: SINGLE (Line Drive, 4MD)
Jorge Meléndez to second
Batting: LHB Aroghetto Dionisotti 0-0: Called Strike
0-1: Ball
1-1: SINGLE (Groundball, 3D)
Jorge Meléndez to third
Andy Aiton to second
Runner from 3rd tries for Home, SAFE, no throw or cutoff
Batting: RHB Joe Scott 0-0: Lines into TRIPLE play, 4-3 (Line Drive, 4MD)
Top of the 4th over - 1 run(s), 3 hit(s), 0 error(s), 0 left on base; Riverside 1 - Menlo 0
BOTTOM OF THE 4TH
Menlo Maniacs batting - Pitching for Riverside Red Bulls : RHP Nariaki Tanaka
Batting: SHB Marvin Harris 0-0: SINGLE (Line Drive, 6MD)
Batting: RHB Daryl Floyd 0-0: Foul Ball, location: 2F
0-1: Ball
1-1: Ground out 5-3 (Groundball, 56S)
Marvin Harris to second
Batting: RHB Tom Meyer 0-0: Called Strike
0-1: Ball
1-1: Foul Ball, location: 2F
1-2: Ball
2-2: Fly out, F7 (Flyball, 7M)
Batting: LHB Alfonso Montoya 0-0: Swinging Strike
0-1: Ball
1-1: Ground out 6-3 (Groundball, 6)
Bottom of the 4th over - 0 run(s), 1 hit(s), 0 error(s), 1 left on base; Riverside 1 - Menlo 0
TOP OF THE 5TH
Riverside Red Bulls batting - Pitching for Menlo Maniacs : RHP Júlio Juárez
Batting: RHB José Zúńiga 0-0: Fly out, F9 (Flyball, 9M)
Batting: RHB Soshu Nakamura 0-0: Called Strike
0-1: Foul Ball, location: 2F
0-2: SINGLE (Line Drive, 8LS)
Batting: RHB Rafael Torres 0-0: Swinging Strike
0-1: Grounds into double play, 6-4-3 (Groundball, 6)
Top of the 5th over - 0 run(s), 1 hit(s), 0 error(s), 0 left on base; Riverside 1 - Menlo 0
BOTTOM OF THE 5TH
Menlo Maniacs batting - Pitching for Riverside Red Bulls : RHP Nariaki Tanaka
Batting: LHB Héctor Flores 0-0: Foul Ball, location: 2F
0-1: Called Strike
0-2: Strikes out swinging
Batting: RHB Jesús Cuevas 0-0: Ball
1-0: SINGLE (Groundball, 6D)
Batting: SHB António Trinidad 0-0: Ball
1-0: Called Strike
1-1: SINGLE (Groundball, 4MD) (infield hit)
Jesús Cuevas to second
Batting: LHB Roger Moore 0-0: Grounds into double play, 1-6-3 (Groundball, 13)
Bottom of the 5th over - 0 run(s), 2 hit(s), 0 error(s), 1 left on base; Riverside 1 - Menlo 0
TOP OF THE 6TH
Riverside Red Bulls batting - Pitching for Menlo Maniacs : RHP Júlio Juárez
Batting: SHB Chun-yeong Kim 0-0: Swinging Strike
0-1: Ball
1-1: SINGLE (Line Drive, 78S)
Batting: RHB Júlio García 0-0: Ball
1-0: Swinging Strike
1-1: Called Strike
1-2: Ball
2-2: Ball
3-2: Fly out, F7 (Flyball, 78S)
3-2: Fly out, F7 (Flyball, 78S)
Batting: LHB Jorge Meléndez 0-0: Called Strike
0-1: Ball
1-1: Ball
2-1: SINGLE (Flyball, 7LS)
Chun-yeong Kim to second
Batting: RHB Andy Aiton 0-0: Ball
1-0: Swinging Strike
1-1: Swinging Strike
1-2: Strikes out looking
Batting: LHB Aroghetto Dionisotti 0-0: Ball
1-0: Ball
2-0: Ground out U3 (Groundball, 3)
Top of the 6th over - 0 run(s), 2 hit(s), 0 error(s), 2 left on base; Riverside 1 - Menlo 0
BOTTOM OF THE 6TH
Menlo Maniacs batting - Pitching for Riverside Red Bulls : RHP Nariaki Tanaka
Batting: RHB Alberto Hernández 0-0: DOUBLE (Line Drive, 8LD)
Batting: SHB Marvin Harris 0-0: Called Strike
0-1: Swinging Strike
0-2: Ball
1-2: Strikes out looking
Batting: RHB Daryl Floyd 0-0: Called Strike
Alberto Hernández steals 3rd base
0-1: Called Strike
0-2: Ball
1-2: Foul Ball, location: 2F
1-2: Ball
2-2: Foul Ball, location: 2F
2-2: Strikes out looking
Pitching: LHP Stu Creichton
Batting: RHB Tom Meyer 0-0: Foul Ball, location: 2F
0-1: Ball
1-1: Ball
2-1: Ball
Wild Pitch!
Alberto Hernández scores
3-1: Base on Balls
Batting: LHB Alfonso Montoya 0-0: Called Strike
Tom Meyer steals 2nd base
0-1: Ball
1-1: Ball
2-1: Called Strike
2-2: Ball
3-2: Base on Balls
Batting: LHB Héctor Flores 0-0: Called Strike
0-1: Ball
1-1: Swinging Strike
1-2: Strikes out swinging
Bottom of the 6th over - 1 run(s), 1 hit(s), 0 error(s), 2 left on base; Riverside 1 - Menlo 1
TOP OF THE 7TH
Riverside Red Bulls batting - Pitching for Menlo Maniacs : RHP Júlio Juárez
Batting: RHB Joe Scott 0-0: Ball
1-0: Called Strike
1-1: DOUBLE (Line Drive, 8LM)
Batting: RHB José Zúńiga 0-0: Intentional Walk
Pitching: RHP Lúcio Solano
Pinch Hitting: RHB Chris Osborn 0-0: Ball
1-0: Sac Bunt - play at first, batter OUT! 1-4
Joe Scott to third
José Zúńiga to second
Batting: RHB Rafael Torres 0-0: Intentional Walk
Batting: SHB Chun-yeong Kim 0-0: Ball
1-0: SINGLE (Flyball, 6MD)
Joe Scott scores
José Zúńiga to third
Rafael Torres to second
Runner from 3rd tries for Home, SAFE, throw made home
Rafael Torres to third
Chun-yeong Kim to second
Batting: RHB Júlio García 0-0: Called Strike
0-1: Ball
1-1: Foul Ball, location: 2F
1-2: Strikes out swinging
Batting: LHB Jorge Meléndez 0-0: Called Strike
0-1: Ball
1-1: Swinging Strike
1-2: Ball
2-2: Ball
3-2: Foul Ball, location: 2F
3-2: Base on Balls
Batting: RHB Andy Aiton 0-0: Fly out, F4 (Line Drive, 4M)
Top of the 7th over - 2 run(s), 2 hit(s), 0 error(s), 3 left on base; Riverside 3 - Menlo 1
BOTTOM OF THE 7TH
Menlo Maniacs batting - Pitching for Riverside Red Bulls : LHP Stu Creichton
Now at 2B: Kyle Bacon
Batting: RHB Jesús Cuevas 0-0: Ball
1-0: Ball
2-0: Swinging Strike
2-1: Ball
3-1: Ground out 5-3 (Groundball, 5S)
Batting: SHB António Trinidad 0-0: Ball
1-0: Swinging Strike
1-1: Called Strike
1-2: Ground out 1-3 (Groundball, 15S)
Batting: LHB Roger Moore 0-0: Called Strike
0-1: Foul Ball, location: 2F
0-2: Foul Ball, location: 2F
0-2: Ball
1-2: Foul Ball, location: 2F
1-2: Foul Ball, location: 2F
1-2: Ball
2-2: Ball
3-2: Base on Balls
Batting: RHB Alberto Hernández 0-0: Ball
1-0: Called Strike
1-1: Ball
2-1: Ball
3-1: Called Strike
3-2: SINGLE (Groundball, 4MD)
Roger Moore to second
Roger Moore to third
Batting: SHB Marvin Harris 0-0: Foul Ball, location: 2F
0-1: Fielders Choice at 2nd, U6 (Groundball, 6M)
Bottom of the 7th over - 0 run(s), 1 hit(s), 0 error(s), 2 left on base; Riverside 3 - Menlo 1
TOP OF THE 8TH
Riverside Red Bulls batting - Pitching for Menlo Maniacs : RHP Lúcio Solano
Batting: LHB Aroghetto Dionisotti 0-0: Called Strike
0-1: Called Strike
0-2: Strikes out swinging
Batting: RHB Joe Scott 0-0: Ball
1-0: Called Strike
1-1: Ball
2-1: Foul Ball, location: 2F
2-2: Ball
3-2: Ground out 6-3 (Groundball, 6)
Batting: RHB José Zúńiga 0-0: Ball
1-0: Called Strike
1-1: Ball
2-1: Ball
3-1: Base on Balls
Pitching: RHP William Simpson
Batting: RHB Kyle Bacon 0-0: Ball
1-0: DOUBLE (Groundball, 5L)
José Zúńiga to third
Runner from 3rd tries for Home, SAFE, no throw or cutoff
Batting: RHB Rafael Torres 0-0: Ball
1-0: Ball
2-0: Foul Ball, location: 2F
2-1: Ball
3-1: Foul Ball, location: 2F
3-2: Base on Balls
Batting: SHB Chun-yeong Kim 0-0: Swinging Strike
0-1: Ball
1-1: Called Strike
1-2: Strikes out swinging
Top of the 8th over - 1 run(s), 1 hit(s), 0 error(s), 2 left on base; Riverside 4 - Menlo 1
BOTTOM OF THE 8TH
Menlo Maniacs batting - Pitching for Riverside Red Bulls : LHP Stu Creichton
Batting: RHB Daryl Floyd 0-0: Called Strike
0-1: Ball
1-1: Ground out 5-3 (Groundball, 5L)
Batting: RHB Tom Meyer 0-0: Foul Ball, location: 2F
0-1: Fly out, F9 (Flyball, 9M)
Batting: LHB Alfonso Montoya 0-0: Ball
1-0: Called Strike
1-1: Foul Ball, location: 2F
1-2: Ground out 6-3 (Groundball, 6)
Bottom of the 8th over - 0 run(s), 0 hit(s), 0 error(s), 0 left on base; Riverside 4 - Menlo 1
TOP OF THE 9TH
Riverside Red Bulls batting - Pitching for Menlo Maniacs : RHP William Simpson
Pitching: RHP Dan Wilson
Batting: RHB Júlio García 0-0: Ball
1-0: Foul Ball, location: 2F
1-1: Called Strike
1-2: Ball
2-2: Foul Ball, location: 2F
2-2: Fly out, F4 (Popup, 4)
Batting: LHB Jorge Meléndez 0-0: Ball
1-0: Swinging Strike
1-1: Swinging Strike
1-2: Ball
2-2: SINGLE (Groundball, 3D)
Batting: RHB Andy Aiton 0-0: Ball
1-0: Swinging Strike
1-1: Ball
2-1: Ball
3-1: Called Strike
3-2: Strikes out swinging
Batting: LHB Aroghetto Dionisotti 0-0: Called Strike
0-1: Ball
1-1: Foul Ball, location: 2F
1-2: Foul Ball, location: 2F
1-2: Ball
2-2: Strikes out swinging
Top of the 9th over - 0 run(s), 1 hit(s), 0 error(s), 1 left on base; Riverside 4 - Menlo 1
BOTTOM OF THE 9TH
Menlo Maniacs batting - Pitching for Riverside Red Bulls : LHP Stu Creichton
Pitching: RHP Bill Elliott
Batting: LHB Héctor Flores 0-0: Ball
1-0: SINGLE (Line Drive, 5L)
Batting: RHB Jesús Cuevas 0-0: Ball
1-0: Ground out 3-1 (Groundball, 34)
Héctor Flores to second
Batting: SHB António Trinidad 0-0: Ball
1-0: Swinging Strike
1-1: SINGLE (Groundball, 34D)
Héctor Flores to third
Runner from 3rd tries for Home, SAFE, no throw or cutoff
Pinch Hitting: LHB Patrick Bright 0-0: Swinging Strike
0-1: Ball
1-1: Ball
2-1: Ball
3-1: Base on Balls
António Trinidad to second
Pinch Hitting: LHB Vincente Sáenz 0-0: Called Strike
0-1: Fielders Choice at 2nd, 3-6 (Groundball, 3)
António Trinidad to third
Batting: SHB Marvin Harris 0-0: Ball
1-0: Ball
2-0: Called Strike
2-1: Ball
3-1: Base on Balls
Vincente Sáenz to second
Batting: RHB Daryl Floyd 0-0: Called Strike
0-1: SINGLE (Flyball, 7S)
António Trinidad scores
Vincente Sáenz to third
Marvin Harris to second
Runner from 3rd tries for Home, SAFE, no throw or cutoff
Pitching: RHP Derrick Baird
Batting: RHB Tom Meyer 0-0: Called Strike
0-1: Ball
1-1: Ball
Wild Pitch!
Marvin Harris to third
Daryl Floyd to second
2-1: Ball
3-1: SINGLE (Line Drive, 3L)
Marvin Harris scores
This league is powered by Out of the Park Baseball, the baseball management simulation game for PC, Mac and Linux
Wednesday, December 2nd, 2015 - OOTP Baseball 16.8 Build 38